 Dungeon Crawl Stone Soup version 0.15-a0-809-g8e1b895 (webtiles) character file.

996 4tharraofdagon the Insei (level 8, 0/48 HPs)
             Began as a Kobold Transmuter on May 14, 2014.
             Was a Follower of Cheibriados.
             Slain by an orc warrior
             ... wielding a +0,+0 war axe
              (12 damage)
             ... in a bailey.
             The game lasted 00:13:23 (2374 turns).

4tharraofdagon the Insei (Kobold Transmuter)        Turns: 2374, Time: 00:13:23

HP   0/48        AC  2     Str 11      XL: 8   Next: 42%
MP  10/15        EV 25     Int 13      God: Cheibriados [*.....]
Gold 60          SH  0     Dex 25      Spells:  4 memorised,  1 level left

rFire  . . .     SeeInvis .       - Unarmed
rCold  + . .     Clarity  .     c - melded +0 robe
rNeg   . . .     Conserve .     (shield currently unavailable)
rPois  x         rCorr    .     (helmet currently unavailable)
rElec  .         rRot     .     (cloak currently unavailable)
SustAb . .       Spirit   .     (gloves currently unavailable)
rMut   .         Warding  .     (boots currently unavailable)
Gourm  .         Stasis   .     (no amulet)
MR     .....                    (no ring)
                                f - ring of protection from cold

@: spider-form, very slightly contaminated, slow, not resistant to hostile
enchantments, unstealthy
A: disease resistance, carnivore 3, low mp 1, no device heal 1
a: End Transformation, Bend Time, Renounce Religion


You were in a bailey.
You worshipped Cheibriados.
Cheibriados was aware of your devotion.
You were very full.
You were in spider-form.
You visited 2 branches of the dungeon, and saw 9 of its levels.
You also visited: Bailey.

You collected 124 gold pieces.
You spent 64 gold pieces at shops.

Inventory:

Missiles
 b - 12 arrows
Armour
 c - a +0 robe (melded)
Comestibles
 a - 2 meat rations
Scrolls
 h - 2 scrolls of remove curse
Jewellery
 f - a ring of protection from cold (left front leg)
Potions
 l - a potion of restore abilities
Books
 d - a book of Changes

   Spells                             Type                      Level
   *Beastly Appendage                 Transmutation                1
   Sticks to Snakes                   Transmutation                2
   *Spider Form                       Transmutation/Poison         3
   *Ice Form                          Ice/Transmutation            4
   *Blade Hands                       Transmutation                5


   Skills:
 + Level 4.1 Fighting
 + Level 4.7 Dodging
 * Level 5.8 Unarmed Combat
 + Level 3.8 Spellcasting
 + Level 4.3 Transmutations


You had one spell level left.
You knew the following spells:

 Your Spells              Type           Power        Failure   Level  Hunger
a - Beastly Appendage     Trmt           ##....       14%         1    None
b - Spider Form           Trmt/Pois      #.........   50%         3    ###....
c - Ice Form              Ice/Trmt       #.........   95%         4    ####...
d - Blade Hands           Trmt           ##........   98%         5    #####..


Dungeon Overview and Level Annotations

Branches:
Dungeon (8/15)             Temple (1/1) D:6
   Lair: D:8-11

Altars:
Ashenzari
Cheibriados
Dithmenos
Elyvilon
Fedhas
Gozag
Kikubaaqudgha
Makhleb
Nemelex Xobeh
Okawaru
Qazlal
Sif Muna
Trog
Vehumet
Xom
Yredelemnul
Zin
The Shining One

Shops:
D:6 *

Annotations:
D:3 Sigmund


Innate Abilities, Weirdness & Mutations

You recuperate from illness quickly.
You are small and have problems with some larger weapons.
You are carnivorous and can eat meat at any time.
Your magical capacity is low (-10% MP).
Potions and wands are less effective at restoring your health.


Message History

You hit the orc warrior but do no damage.
The orc warrior is poisoned.
You hit the orc warrior.
The orc warrior is lightly wounded.
The orc warrior misses you.
Unknown command.
You barely miss the orc warrior.
The orc warrior hits you with a battleaxe!
Unknown command.
You barely miss the orc warrior.
The orc warrior is lightly wounded.
The orc warrior completely misses you.
Unknown command.
You hit the orc warrior but do no damage.
The orc warrior looks even sicker.
The orc warrior is moderately wounded.
The orc warrior hits you with a battleaxe!
* * * LOW HITPOINT WARNING * * *
The orc warrior hits you with a war axe!
You die...

? .. .... .....
.⌠...g #######
.g.ooo##.....##
..go..g'o......#
##og.....##
#soo......#
##.........##
#...).⌠.....#
##.........##
#.........#
##.......##
#.......#
##.....##
####)##


You could see 2 orc warriors, a gnoll and 2 orcs.

Vanquished Creatures
  A sky beast (D:6)
  A black bear (D:8)
  An orc warrior (Bailey)
  3 centaurs
  A giant frog (D:6)
  A scorpion (D:4)
  A killer bee (D:8)
  A quasit (D:7)
  A crimson imp (D:8)
  2 orc wizards (D:6)
  3 worker ants
  An adder (D:8)
  6 gnolls (Bailey)
  A worm (D:6)
  7 orcs
  A ball python (D:1)
  4 bats
  A giant cockroach (D:6)
  4 goblins (Bailey)
  16 hobgoblins
  A ball python zombie (D:6)
  3 giant newts
  5 kobolds
  8 rats
74 creatures vanquished.

Notes
Turn   | Place    | Note
--------------------------------------------------------------
     0 | D:1      | 4tharraofdagon, the Kobold Transmuter, began the quest for the Orb.
     0 | D:1      | Reached XP level 1. HP: 12/12 MP: 3/3
   198 | D:1      | Reached XP level 2. HP: 6/16 MP: 4/4
   401 | D:3      | Noticed Sigmund
   475 | D:3      | Reached XP level 3. HP: 7/20 MP: 4/6
   480 | D:3      | Learned a level 3 spell: Spider Form
   526 | D:4      | Noticed a phantom
   534 | D:5      | Entered Level 5 of the Dungeon
   574 | D:4      | Noticed a scorpion
   575 | D:4      | :(
   580 | D:4      | Killed a scorpion
   580 | D:4      | Reached XP level 4. HP: 13/26 MP: 0/7
   582 | D:4      | Noticed a phantom
   721 | D:5      | Reached XP level 5. HP: 25/30 MP: 1/9
   738 | D:5      | Noticed a centaur
   750 | D:5      | Killed a centaur
   750 | D:5      | Reached skill level 4 in Unarmed Combat
   775 | D:6      | Found Azo Tiso's Assorted Antiques.
   806 | D:6      | Reached XP level 6. HP: 19/36 MP: 0/11
   828 | D:6      | Learned a level 4 spell: Ice Form
   877 | D:6      | Gained mutation: Potions and wands are less effective at restoring your health. [potion of mutation]
   985 | D:6      | Bought a scroll labeled KLASOG YSUOS for 32 gold pieces
   985 | D:6      | Bought a scroll labeled PLOPOG FUINA for 32 gold pieces
  1088 | D:5      | Noticed an ice beast
  1098 | D:6      | Noticed a sky beast
  1116 | D:6      | Killed a sky beast
  1116 | D:6      | Reached XP level 7. HP: 7/40 MP: 10/14
  1124 | D:6      | Gained mutation: Your magical capacity is low (-10% MP). [mutagenic meat]
  1277 | D:6      | Found a staircase to the Ecumenical Temple.
  1287 | Temple   | Entered the Ecumenical Temple
  1329 | Temple   | Became a worshipper of Cheibriados the Contemplative
  1821 | D:8      | Reached skill level 5 in Unarmed Combat
  1869 | D:8      | Reached XP level 8. HP: 5/46 MP: 8/14
  1880 | D:8      | HP: 1/47 [killer bee (5)]
  1887 | D:8      | Noticed a hippogriff
  1887 | D:8      | Found a flagged portal.
  1888 | D:8      | Noticed a hippogriff
  1894 | Bailey   | Entered a bailey
  2339 | Bailey   | Learned a level 5 spell: Blade Hands
  2374 | Bailey   | Slain by an orc warrior

Action                   |  1- 3 |  4- 6 |  7- 9 || total
-------------------------+-------+-------+-------++-------
Melee: Unarmed           |    63 |    55 |   154 ||   272
 Cast: Beastly Appendage |    10 |     1 |     2 ||    13
       Spider Form       |     1 |     5 |    14 ||    20
  Use: Potion            |     3 |     6 |     2 ||    11
       Scroll            |       |     2 |     4 ||     6
 Stab: Sleeping          |       |     1 |       ||     1

Vault maps used:
D:1:      minmay_arrival_three_doors, corexii_item_surrounded_by_moat,
          minmay_box_of_dots
D:2:      st_stairs_6, grunt_qazlal_clouds, uniq_crazy_yiuf_cottage
D:3:      kennysheep_generic_room_3, uniq_sigmund
D:4:      first_bread, serial_shops, shop_coins
D:6:      minmay_temple_entry_overgrown, serial_shops, shop
D:7:      serial_shops, kennysheep_mini, the_bakery
D:8:      enter_bailey_6, trog_three_pillars_becter
Temple:   kilobyte_greek_temple_18
Bailey:   bailey_axe_minmay_hex_keep, bailey
